 Dungeon Crawl Stone Soup version 0.25-a0-576-g50b708a4c4 (webtiles) character file.

Game seed: 2729278702014989939, levelgen mode: deterministic

6981 Flugslaktarn the Cleaver (level 10, -1/94 HPs)
             Began as a Deep Dwarf Fighter on Mar 1, 2020.
             Was a Follower of Makhleb.
             Slain by a komodo dragon (26 damage)
             ... on level 1 of the Lair of Beasts.
             The game lasted 00:03:29 (3600 turns).

Flugslaktarn the Cleaver (Deep Dwarf Fighter)       Turns: 3600, Time: 00:03:30

Health: -1/94      AC: 10    Str: 24    XL:     10   Next: 81%
Magic:  9/9        EV:  8    Int:  8    God:    Makhleb [*.....]
Gold:   337        SH: 12    Dex: 16    Spells: 9/9 levels left

rFire    . . .     SeeInvis +   B - +0 broad axe
rCold    + . .     Gourm    .   c - +0 kite shield
rNeg     . . .     Faith    .   b - +0 scale mail
rPois    .         Spirit   .   G - +1 hat {MR+}
rElec    .         Reflect  .   A - +0 cloak
rCorr    .         Harm     .   (no gloves)
MR       +++..                  (no boots)
Stlth    ..........             (no amulet)
HPRegen  0.00/turn              i - ring of see invisible
MPRegen  0.11/turn              (no ring)

@: lethally poisoned (-1 -> -1), non-regenerating
A: damage resistance, heal wounds, agile 2, cold resistance 1, magic resistance
1, sense surroundings 2, no regeneration
a: Heal Wounds, Renounce Religion


You were on level 1 of the Lair of Beasts.
You worshipped Makhleb.
Makhleb was aware of your devotion.
You were not hungry.

You visited 3 branches of the dungeon, and saw 10 of its levels.

You collected 337 gold pieces.

Inventory:

Hand Weapons
 a - a +0 war axe
 d - a +3 war axe
   (You took it off a wight on level 8 of the Dungeon)
 B - a +0 broad axe (weapon)
   (You took it off Maggie on level 7 of the Dungeon)
Armour
 b - a +0 scale mail (worn)
 c - a +0 kite shield (worn)
 g - a +0 helmet
   (You found it on level 2 of the Dungeon)
 A - a +0 cloak (worn)
   (You took it off Crazy Yiuf on level 6 of the Dungeon)
 G - a +1 hat of magic resistance (worn)
   (You took it off Gastronok on level 8 of the Dungeon)
Jewellery
 i - a ring of see invisible (left hand)
   (You found it on level 3 of the Dungeon)
Wands
 p - a wand of iceblast (9)
   (You found it on level 3 of the Dungeon)
 v - a wand of digging (2)
   (You found it on level 8 of the Dungeon)
Scrolls
 f - a scroll of immolation
 t - 4 scrolls of teleportation
 y - a scroll of magic mapping
 z - 2 scrolls of fog
Potions
 k - 3 potions of mutation
 m - 2 potions of heal wounds
 n - a potion of invisibility
 q - 8 potions of curing
 u - 2 potions of cancellation
 C - a potion of ambrosia
 D - a potion of lignification {unknown}
 E - a potion of flight {unknown}
 H - 2 potions of brilliance {unknown}
 I - a potion of stabbing {unknown}
Comestibles
 e - 3 rations
 x - 9 chunks of flesh


   Skills:
 + Level 7.1 Fighting
 * Level 11.1 Axes
 + Level 8.5 Armour
 + Level 8.6 Shields
 + Level 6.0 Invocations


You had 9 spell levels left.
You didn't know any spells.
Your spell library was empty.

Dungeon Overview and Level Annotations

Branches:
Dungeon (8/15)             Temple (1/1) D:7            Lair (1/6) D:8

Altars:
Ashenzari
Dithmenos
Elyvilon
Fedhas
Kikubaaqudgha
Makhleb
Nemelex Xobeh
Okawaru
Qazlal
Ru
Sif Muna
Trog
Uskayaw
Vehumet
Xom
The Shining One

Annotations:
D:4 exclusion: 4 doors
Lair:1 Fannar


Innate Abilities, Weirdness & Mutations

You are resistant to damage.
You can heal yourself by infusing magical energy.
You passively map the area around you.
You do not regenerate.
You are very agile. (Dex +4)
Your flesh is cold resistant. (rC+)
You are resistant to hostile enchantments. (MR+)


Message History

You slash the komodo dragon! You slash Fannar!
You block the komodo dragon's attack.
Fannar hits you with a +0 quarterstaff of freezing.
Fannar freezes you.
You hit Fannar.
Fannar is severely wounded.
You hit the komodo dragon. The komodo dragon bites you!
The blink frog blinks!
Fannar hits you but does no damage.
Your shield and scale mail prevent you from hitting Fannar.
Fannar is severely wounded.
Your shield and scale mail prevent you from hitting the komodo dragon.
The komodo dragon bites you!!
Fannar hits you with a +0 quarterstaff of freezing!
* * * LOW HITPOINT WARNING * * *
Fannar freezes you.
* * * LOW HITPOINT WARNING * * *
You closely miss Fannar.
Fannar is severely wounded.
You slash the komodo dragon! The komodo dragon bites you!!
You die...

*+*,,,,,,.#...#*#.#.....,,*,,*,,,
,,,,,,,,,,.....##.#.....,,,,,,,,,
,,,,,,,,,,,#.......#PP####*,,,,,,
,,,,,,,*,,*#.>.............,,+,,,
,,,,,,,****#.................#,,,
,,,,,,,* *,#..††............#,.,
,,,,,,,* **#?...F...........#.**
****,,,* ##....e#.##.#......,,,
**,,,* #....@......+§§..#****
*,,,,** ##...l.#.......§#*
**,,,,* #..$..#......§§# *,,,,**
#.....#....#?.§#*** **,,,*
**#.....#....#§§§#*,***
*,,,****,#.....#....#§§§...,,,
*,,,,,,,.......#.##+#........,
*,,,,,,,..........,,.........,
*,,*****,,***.....,,......#.#*


You could see Fannar, a komodo dragon and a blink frog.

Vanquished Creatures
  Gastronok (D:8)
  Harold (D:7)
  Pikel (D:6)
  Maggie (D:7)
  2 blink frogs (Lair:1)
  2 hippogriffs
  A yak (D:8)
  Grum (D:8)
  4 porcupines (D:8)
  4 slaves (D:6)
  4 ice beasts
  A phantom (D:6)
  An ogre (D:3)
  4 wolves (D:8)
  A centaur (D:6)
  8 bullfrogs
  A scorpion (D:4)
  5 wights (D:8)
  2 howler monkeys
  A crimson imp (D:6)
  A quasit (D:8)
  2 hounds (D:8)
  2 bullfrog skeletons
  2 orc priests
  Crazy Yiuf (D:6)
  A centaur skeleton (D:7)
  2 iguanas
  2 orc wizards
  4 worker ants
  A hound zombie (D:7)
  8 gnolls (D:4)
  4 adders
  A shadow imp (D:3)
  2 oozes
  2 adder skeletons (D:4)
  A worm (D:3)
  A leopard gecko (D:3)
  30 orcs
  A giant cockroach (D:3)
  3 hobgoblins
  17 jackals
  3 kobolds (D:3)
  3 quokkas
  5 bats
  12 frilled lizards
  3 goblins (D:3)
  A leopard gecko skeleton (D:4)
  3 rats
  4 fungi (D:6)
  A plant (D:4)
169 creatures vanquished.

Vanquished Creatures (others)
  3 fungi (D:8)
3 creatures vanquished.

Grand Total: 172 creatures vanquished

Notes
Turn   | Place    | Note
-------+----------+-------------------------------------------
     0 | D:1      | Flugslaktarn the Deep Dwarf Fighter began the quest for the
                  | Orb.
     0 | D:1      | Reached XP level 1. HP: 20/20 MP: 1/1
   130 | D:2      | Reached XP level 2. HP: 27/27 MP: 2/2
   216 | D:3      | Reached skill level 3 in Axes
   216 | D:3      | Reached XP level 3. HP: 31/34 MP: 3/3
   282 | D:3      | Found a shadowy altar of Dithmenos.
   390 | D:3      | Noticed an ogre
   402 | D:3      | Killed an ogre
   402 | D:3      | Reached skill level 4 in Axes
   402 | D:3      | Reached XP level 4. HP: 26/42 MP: 4/4
   402 | D:3      | Reached XP level 5. HP: 30/49 MP: 5/5
   477 | D:3      | Found a sparkling altar of Nemelex Xobeh.
   816 | D:4      | Reached XP level 6. HP: 35/56 MP: 6/6
  1161 | D:4      | Reached skill level 5 in Axes
  1265 | D:4      | Noticed a hippogriff
  1280 | D:4      | Killed a hippogriff
  1280 | D:4      | Reached skill level 5 in Armour
  1280 | D:4      | Reached XP level 7. HP: 42/64 MP: 7/7
  1519 | D:4      | Reached skill level 5 in Shields
  1559 | D:5      | Entered Level 5 of the Dungeon
  2144 | D:6      | Reached skill level 6 in Axes
  2271 | D:6      | Found an ancient bone altar of Kikubaaqudgha.
  2338 | D:6      | Noticed Pikel
  2348 | D:6      | Reached XP level 8. HP: 51/73 MP: 8/8
  2366 | D:6      | Killed Pikel
  2366 | D:6      | Reached skill level 5 in Fighting
  2366 | D:6      | Reached skill level 7 in Axes
  2418 | D:6      | Found a blossoming altar of Fedhas.
  2435 | D:6      | Reached skill level 8 in Axes
  2492 | D:6      | Found a glowing golden altar of the Shining One.
  2618 | D:6      | Found a runed translucent door.
  2619 | D:6      | Noticed Crazy Yiuf
  2628 | D:6      | Killed Crazy Yiuf
  2732 | D:7      | Found a staircase to the Ecumenical Temple.
  2784 | D:7      | Noticed Maggie
  2817 | D:7      | Killed Maggie
  2817 | D:7      | Gained mutation: You passively map the area around you.
                  | [Deep Dwarf growth]
  2817 | D:7      | Reached XP level 9. HP: 49/81 MP: 9/9
  2835 | Temple   | Entered the Ecumenical Temple
  2881 | Temple   | Became a worshipper of Makhleb the Destroyer
  3055 | D:7      | Reached skill level 1 in Invocations
  3146 | D:7      | Noticed Harold
  3176 | D:7      | Killed Harold
  3176 | D:7      | Reached skill level 9 in Axes
  3276 | D:8      | Noticed Grum
  3309 | D:8      | Killed Grum
  3318 | D:8      | Noticed Gastronok
  3338 | D:8      | Killed Gastronok
  3338 | D:8      | Reached skill level 10 in Axes
  3338 | D:8      | Reached skill level 5 in Invocations
  3338 | D:8      | Reached XP level 10. HP: 56/92 MP: 8/10
  3338 | D:8      | Reached * piety under Makhleb
  3375 | D:8      | Found a hide-covered altar of Uskayaw.
  3446 | D:8      | Found a staircase to the Lair.
  3520 | Lair:1   | Entered Level 1 of the Lair of Beasts
  3533 | Lair:1   | Gained mutation: You are agile. (Dex +2) [potion of
                  | mutation]
  3533 | Lair:1   | Gained mutation: You are resistant to hostile enchantments.
                  | (MR+) [potion of mutation]
  3533 | Lair:1   | Gained mutation: Your flesh is cold resistant. (rC+)
                  | [potion of mutation]
  3533 | Lair:1   | Gained mutation: You are very agile. (Dex +4) [potion of
                  | mutation]
  3563 | Lair:1   | Noticed Fannar
  3573 | Lair:1   | Reached skill level 11 in Axes
  3578 | Lair:1   | HP: 3/94 [water moccasin (6)]
  3600 | Lair:1   | Slain by a komodo dragon

Levels and vault maps discovered:
D:1:      mrwooster_arrival_arrow, layout_basic, minmay_lizard_pond
D:2:      layout_rooms, kennysheep_slug_shrine, serial_glass, glass_columns_a,
          glass_columns_c
D:3:      layout_rooms, nicolae_overflow_hidden_temple, lemuel_doored_altar,
          serial_glass, glass_columns_b, glass_columns_a, glass_columns_b,
          glass_columns_a, first_ration
D:4:      lemuel_castle_with_subvaults [lemuel_castle_interior_carwin_1],
          layout_basic, chequers_mini_garden
D:5:      layout_loops_ring, nrook_pool_corridor
D:6:      layout_rooms, kennysheep_little_box, kennysheep_mini_moat,
          overflow_temple_1_default, uniq_crazy_yiuf_cottage, uniq_pikel
D:7:      layout_cave_pools, minmay_temple_entry_waves, uniq_harold, uniq_maggie
D:8:      layout_basic, lemuel_crystal_altar, due_lair_maze_entry_diamond,
          water_boxes_lemuel, uniq_grum, uniq_gastronok
Temple:   nicolae_temple_great_sept
Lair:1:   layout_chaotic_city, grunt_megastairs_4, uniq_fannar, uniq_urug,
          uniq_joseph

Skill      XL: |  1  2  3  4  5  6  7  8  9 10 |
---------------+-------------------------------+-----
Fighting       | 3 4 5 6 7 |  7.1
Axes           | 3 4 5 6 8 10 11 | 11.1
Armour         | 4 5 6 8 |  8.5
Shields        | 4 5 6 8 |  8.6
Invocations    | 5 6 |  6.0

Action                   |  1- 3 |  4- 6 |  7- 9 | 10-12 || total
-------------------------+-------+-------+-------+-------++-------
Melee: War axe           |    75 |   178 |   203 |       ||   456
       Broad axe         |       |       |    98 |    85 ||   183
 Abil: Heal Wounds       |       |     4 |    24 |     8 ||    36
  Use: Potion            |       |       |     1 |     1 ||     2
       Scroll            |       |       |       |    16 ||    16
  Eat: Chunk             |       |     2 |     4 |     1 ||     7
       Ration            |       |       |     1 |       ||     1
Armor: Scale mail        |    52 |    93 |   153 |    70 ||   368
Dodge: Dodged            |    34 |    59 |   115 |    52 ||   260
Block: Kite shield       |    54 |   101 |   202 |    82 ||   439

Table legend:
 A = Non-vault XP
 B = Vault XP
 C = Vault XP percentage of total XP
 D = Non-vault monster count
 E = Vault monster count
 F = Vault count percentage of total count
                 A         B        C        D         E       F
            +---------+---------+-------+---------+---------+-------
      Total |    3411 |    6562 |  65.8 |     113 |      47 |  29.4
            +---------+---------+-------+---------+---------+-------
        D:1 |       2 |       8 |  80.0 |       2 |       8 |  80.0
        D:2 |       4 |       0 |   0.0 |       3 |       0 |   0.0
        D:3 |     214 |       0 |   0.0 |      32 |       0 |   0.0
        D:4 |     533 |      86 |  13.9 |      18 |      18 |  50.0
        D:5 |      81 |       0 |   0.0 |       5 |       0 |   0.0
        D:6 |     812 |     691 |  46.0 |      17 |       2 |  10.5
        D:7 |     376 |    1372 |  78.5 |      21 |       2 |   8.7
        D:8 |     773 |    4135 |  84.3 |      12 |      16 |  57.1
     Lair:1 |     616 |     270 |  30.5 |       3 |       1 |  25.0
            +---------+---------+-------+---------+---------+-------
